Cogmind - Beta 16 @@@ ROGUE MODE // 2025.11.09 @ 22:19:29 Player: Mozco Result: Destroyed by 8L-INO(R) with Subdweller Machine Gun Performance ------------- Evolutions (0) 0 Regions Visited (2) 400 Robots Destroyed (19) 95 Value Destroyed (441) 441 Prototype IDs (2) 40 Alien Tech Used (0) 0 Bonus (0) 0 TOTAL SCORE: 976 Bonus ------- None Cogmind --------- Core Integrity 0/250 Matter 219/300 Energy 71/100 System Corruption 0% Temperature Cool (0) Movement Core (1450) Ox28 Location -10/Subcaves Parts ------- > --- POWER (1) -------- (None) > --- PROPULSION (2) --- (None) > --- UTILITY (2) ------ Heat Sink Huge Storage Unit > --- WEAPON (2) ------- Battle Rifle Subdweller Machine Gun > --- INVENTORY (25) --- Subdweller Power Source Small Storage Unit Medium Matter Pod (100) Terrain Scan Processor Scrap Shield Riot Gun Subdweller Laser Subdweller Beam Cannon Subdweller Beam Cannon Battle Rifle Battle Rifle Battle Rifle Ripper Makeshift Axe Peak State ------------ > --- POWER ------------ Ion Engine > --- PROPULSION ------- Aluminum Leg Aluminum Leg > --- UTILITY ---------- Heat Sink Huge Storage Unit > --- WEAPON ----------- Subdweller Beam Cannon Assault Rifle > --- INVENTORY -------- Ion Engine Subdweller Power Source Aluminum Leg Aluminum Leg Small Storage Unit Medium Matter Pod Terrain Scan Processor Scrap Shield Riot Gun Subdweller Laser Subdweller Laser Subdweller Beam Cannon Subdweller Beam Cannon Battle Rifle Battle Rifle Battle Rifle Battle Rifle Light Cannon Ripper Makeshift Axe [Rating: 12] Favorites ----------- Power Ion Engine Engine Ion Engine Propulsion Aluminum Leg Leg Aluminum Leg Utility Huge Storage Unit Device Terrain Scanner Storage Huge Storage Unit Weapon Assault Rifle Energy Gun Subdweller Laser Energy Cannon Subdweller Beam Cannon Ballistic Gun Assault Rifle Ballistic Cannon Light Cannon Build | -11 -10 -10 ------- Run | Yrd Mat Sub Slots Evolved . | . . . Power . | . . . Propulsion . | . . . Utility . | . . . Weapon . | . . . Parts Attached 17 | 6 1 10 Power 2 | 1 . 1 Engine 2 | 1 . 1 Core . | . . . Reactor . | . . . Propulsion 4 | 2 . 2 Treads . | . . . Leg 4 | 2 . 2 Wheel . | . . . Hover . | . . . Flight . | . . . Utility 4 | 1 1 2 Device 2 | . 1 1 Storage 2 | 1 . 1 Processor . | . . . Hackware . | . . . Protection . | . . . Artifact . | . . . Weapon 7 | 2 . 5 Energy Gun 1 | . . 1 Energy Cannon 1 | . . 1 Ballistic Gun 4 | 2 . 2 Ballistic Cannon 1 | . . 1 Launcher . | . . . Special Weapon . | . . . Impact Weapon . | . . . Slashing Weapon . | . . . Piercing Weapon . | . . . Special Melee Weapon . | . . . Unidentified Prototypes . | . . . Parts Lost 12 | . . 12 Power 2 | . . 2 Propulsion 4 | . . 4 Utility 1 | . . 1 Weapon 5 | . . 5 Highest Loss Streak 5 | . . 5 To Critical Strikes . | . . . Average Backups 14 | . 4 15 Power 1 | . 1 1 Propulsion 1 | . . 1 Utility 3 | . 2 3 Weapon 7 | . 1 8 Tool/Special . | . . . Unused Backups 14 | . 1 13 Power 1 | . . 1 Propulsion . | . . . Utility 3 | . . 3 Weapon 10 | . 1 9 Tool/Special . | . . . Average Slot Usage (%) 94 | . 86 95 Engine 13 | . 14 13 Leg 27 | . 28 27 Device 9 | . 1 10 Storage 14 | . 14 14 Energy Gun 2 | . . 2 Energy Cannon 11 | . . 12 Ballistic Gun 14 | . 28 12 Peak Build Rating 12 | 6 7 12 Average Rating 9 | 4 6 10 On Entrance 4 | . 6 7 Avg Prop Armor Cover (%) . | . . . Naked Turns . | . . . Heaviest Build 98 | 14 15 98 Greatest Support 20 | 20 20 20 Greatest Overweight (x) 9 | 2 . 9 Average Overweight (x) 2 | . . 3 Largest Inventory Capacity 25 | 8 8 25 Average Capacity 21 | 7 8 24 Most Carried 21 | 2 8 21 Average Carried 14 | . 4 16 Final Capacity 25 | 8 8 25 Final Carried 15 | 2 8 15 Class Distribution -------------------- 100% | Mutant Dominant Class ---------------- Mutant | -10/Materials Mutant | -10/Subcaves Resources | -11 -10 -10 ----------- Run | Yrd Mat Sub Matter Collected 561 | 94 308 159 Remotely . | . . . Salvage Created 608 | . 241 367 Parts 39 | . 12 27 Haulers Intercepted 2 | . 2 . Recyclers Shooed . | . . . Parts Field Recycled . | . . . Retrieved Matter . | . . . Parts Self-Destructed 27 | . . 27 Prevented . | . . . Parts Restored . | . . . Kills | -11 -10 -10 ------- Run | Yrd Mat Sub Combat Hostiles Destroyed 13 | . 2 11 Guns 11 | . 2 9 Cannons 2 | . . 2 Classes Destroyed 7 | . 4 3 Worker 1 | . 1 . Builder 1 | . 1 . Hauler 2 | . 2 . Turret 2 | . . 2 Swarmer 5 | . . 5 Grunt 2 | . 2 . Subdweller 6 | . . 6 Best Kill Streak 4 | . 4 4 Combat Bots Only 3 | . 2 3 Max Kills in Single Turn 1 | . 1 1 Gunslinging . | . . . Exploded . | . . . Melee . | . . . Uniques/NPCs Destroyed . | . . . Combat | -11 -10 -10 -------- Run | Yrd Mat Sub Hostile Shots Fired 150 | . 16 134 Missed 49 | . 6 43 Hits 101 | . 10 91 Projectile 101 | . 10 91 Critical Strikes 1 | . . 1 Damage Taken 1452 | . 143 1309 Core 266 | . 11 255 Absorbed by Shields . | . . . Core Remaining (%) 100 | 100 . . Volleys Fired 90 | . 22 68 Largest 2 | . 2 2 Hottest 140 | . 40 140 Shots Fired 177 | . 44 133 Gun 116 | . 44 72 Cannon 61 | . . 61 Launcher . | . . . Special . | . . . Kinetic 98 | . 44 54 Thermal 79 | . . 79 Explosive . | . . . Electromagnetic . | . . . Robot Hit Streak 11 | . 6 11 Robot Miss Streak 4 | . 3 4 Penetration Max . | . . . Secondary Targets 3 | . 3 . Max Gunslinging Chain 1 | . 1 . Shots Hit Robots 104 | . 29 75 Core Hits 31 | . 11 20 Critical Kills 1 | . . 1 Critical Parts Destroyed . | . . . Critical Strikes 3 | . . 3 Meltdown 1 | . . 1 Blast 2 | . . 2 Melee Attacks . | . . . Impact . | . . . Slashing . | . . . Piercing . | . . . Sneak Attacks . | . . . Combat Hostiles . | . . . Follow-up Attacks . | . . . Damage Inflicted 1757 | . 371 1386 Guns 1088 | . 371 717 Cannons 669 | . . 669 Explosions . | . . . Melee . | . . . Ramming . | . . . Kinetic 906 | . 371 535 Thermal 851 | . . 851 Explosive . | . . . Electromagnetic . | . . . Impact . | . . . Slashing . | . . . Piercing . | . . . Highest Corruption . | . . . Average Corruption . | . . . Corruption Purged . | . . . Corruption Blocked . | . . . Overload Shots . | . . . Overflow Damage 23 | . . 23 Projectiles 23 | . . 23 Explosions . | . . . Melee . | . . . Knockbacks . | . . . Impact . | . . . Kinetic . | . . . Secondary . | . . . Self-Inflicted Damage . | . . . Shots . | . . . Rammed . | . . . Targets Rammed . | . . . Kicked . | . . . Crushed . | . . . Highest Temperature 9 | . 9 8 Average Temperature 3 | . 3 3 Received Heat Transfer 381 | . 81 300 Siege Activations . | . . . Martial Activations . | . . . Shielding Activations . | . . . Robots Disrupted . | . . . Combat Hostiles . | . . . Robots Corrupted . | . . . Combat Hostiles . | . . . Parts Fried . | . . . Impact Corruptions . | . . . Robots Melted 1 | . . 1 Combat Hostiles . | . . . Parts Melted . | . . . Heat Transferred 1104 | . . 1104 Parts Sabotaged . | . . . Parts Stolen . | . . . Parts Stripped . | . . . Power Chain Reactions . | . . . Alert | -11 -10 -10 ------- Run | Yrd Mat Sub Maximum Alert Level . | . . . Low Security (%) 100 | 100 100 . Level 1 . | . . . Level 2 . | . . . Level 3 . | . . . Level 4 . | . . . Level 5 . | . . . High Security . | . . . Max Security . | . . . Peak Influence 55 | . 55 . Initial . | . . . Average 7 | . 8 . Influence Increases 336 | . 91 245 Destroy 0b10 Robot/C 180 | . 40 140 Destroy 0b10 Robot/NC 20 | . 20 . Destroy Leader 14 | . 14 . Successful Hack 17 | . 17 . Lose Combat Pursuer 105 | . . 105 Influence Decreases 249 | . 76 173 Entered New Map 8 | . . 8 Time Decay 141 | . 76 65 Lost Part 100 | . . 100 Squads Dispatched . | . . . Investigation . | . . . Extermination . | . . . Reinforcement . | . . . Assault . | . . . Garrison . | . . . Intercept . | . . . Searches Triggered . | . . . Construction Impeded . | . . . Haulers Reinforced . | . . . Active Scanning Responses . | . . . Cargo Convoy Interrupts . | . . . Stealth | -11 -10 -10 --------- Run | Yrd Mat Sub Distress Signals . | . . . Communications Jammed . | . . . Distress Signals . | . . . Times Spotted 19 | . 2 17 Peak Tracking Total 5 | . 2 5 Tactical Retreats 4 | . . 4 Traps | -11 -10 -10 ------- Run | Yrd Mat Sub Traps Triggered . | . . . Indirectly . | . . . Trap Hack Attempts . | . . . Triggered . | . . . Disarmed . | . . . Reprogrammed . | . . . Reused . | . . . Traps Extracted . | . . . Installed . | . . . Triggered . | . . . Machines | -11 -10 -10 ---------- Run | Yrd Mat Sub Machines Disabled 1 | . . 1 Max in Single Turn 1 | . . 1 Machines Repaired . | . . . Machines Dismantled . | . . . Machines Sabotaged . | . . . Overloaded Fab Kills . | . . . Hacking | -11 -10 -10 --------- Run | Yrd Mat Sub Machines Accessed 3 | . 2 1 Terminals 2 | . 2 . Fabricators . | . . . Repair Stations . | . . . Recycling Units . | . . . Scanalyzers . | . . . Garrison Access . | . . . Total Hacks 8 | . 6 2 Successful 6 | . 4 2 Failed 2 | . 2 . Catastrophic . | . . . Database Lockouts . | . . . Manual 4 | . 4 . Terminals 6 | . 6 . Fabricators . | . . . Repair Stations . | . . . Recycling Units . | . . . Scanalyzers . | . . . Garrison Access . | . . . Terminal Hacks 4 | . 2 2 Record 2 | . . 2 Robot Analysis 1 | . 1 . Prototype ID Bank 1 | . 1 . Fabricator Hacks . | . . . Repair Station Hacks . | . . . Recycling Unit Hacks . | . . . Scanalyzer . | . . . Garrison Access Hacks . | . . . Unauthorized Hacks 2 | . 2 . Terminals 2 | . 2 . Botnet 1 | . 1 . Operators 1 | . 1 . Fabricators . | . . . Repair Stations . | . . . Recycling Units . | . . . Scanalyzers . | . . . Garrison Access . | . . . Data Cores Recovered . | . . . Used . | . . . Hacking Detections 2 | . 2 . Full Trace Events . | . . . Feedback Events . | . . . Feedback Blocked . | . . . Robot Schematics Acquired . | . . . Robots Built . | . . . Authchips . | . . . Time . | . . . Total Robot Build Rating . | . . . Part Schematics Acquired . | . . . Parts Built . | . . . Authchips . | . . . Time . | . . . Total Part Build Rating . | . . . Part Studies Acquired . | . . . Parts Repaired . | . . . Time . | . . . Parts Recycled . | . . . Recycled Matter . | . . . Retrieved Matter . | . . . Retrieved Components . | . . . Parts Scanalyzed . | . . . Part Schematics Acquired . | . . . Parts Damaged . | . . . Bothacking | -11 -10 -10 ------------ Run | Yrd Mat Sub Used RIF Installer . | . . . Robots Hacked . | . . . Non-combat . | . . . Combat . | . . . Robot Hacks Applied . | . . . Relay Couplers Released . | . . . Fabnet Peak Effective % . | . . . Robots Rewired . | . . . Allies Hacked . | . . . Hacks Repelled . | . . . Allies | -11 -10 -10 -------- Run | Yrd Mat Sub Total Allies . | . . . Largest Group . | . . . Highest-Rated Group . | . . . Highest-Rated Ally . | . . . Total Orders . | . . . Ally Attacks . | . . . Total Damage . | . . . Kills . | . . . Allies Corrupted . | . . . Allies Melted . | . . . Intel | -11 -10 -10 ------- Run | Yrd Mat Sub Active Infowar (turns) 1241 | . . 1241 Terrain 1241 | . . 1241 Robot Analysis Total 1 | . 1 . Derelict Logs Recovered 1 | . . 1 Drone Launches . | . . . Drone Recoveries . | . . . Exploration | -11 -10 -10 ------------- Run | Yrd Mat Sub Turns Passed 3118 | 59 382 2677 Spaces Moved 973 | 41 238 694 Core 8 | 8 . . Treads . | . . . Legs 965 | 33 238 694 Wheels . | . . . Hover . | . . . Flight . | . . . Fastest Speed 50 | 50 120 120 Average Speed 286 | 119 120 353 Slowest Speed 750 | 150 120 750 Overloaded Moves . | . . . Propulsion Burnouts . | . . . Robots Hopped . | . . . Potential Cave-ins . | . . . Cave-ins Triggered . | . . . Exploration Rate (%) 27 | 3 27 52 Regions Visited 2 Branch Regions 1 Pre-discovered Areas 2 | . . 2 Known Exits Taken . | . . . Unknown Exits Taken 2 | 1 1 . Scrap Searched 7 | . . 7 Spaces Dug . | . . . Terrain Destroyed 8 | . . 8 Melee . | . . . Projectile 8 | . . 8 AOE . | . . . Terrain Rammed . | . . . Walls Destroyed . | . . . Machines Disabled . | . . . Actions | -11 -10 -10 --------- Run | Yrd Mat Sub Total 1126 | 48 290 788 Wait 22 | . 22 . Move 971 | 40 237 694 Hop . | . . . Pick Up 24 | 2 7 15 Fast Attach 7 | 6 1 . Attach 9 | . . 9 Detach . | . . . Swap 2 | . . 2 Drop 1 | . 1 . Fire 90 | . 22 68 Melee . | . . . Ram . | . . . Kick . | . . . Crush . | . . . Escape Stasis . | . . . Rewire . | . . . Trap . | . . . Miscellaneous . | . . . Route ------- -11/Scrapyard -10/Materials -10/Subcaves (discovered 2 exits: [*Rec] / [*Scr]) History --------- Turn | Location | Event 44 | -11/Scrapyard | Discovered new exit (range 13) 60 | -11/Scrapyard | Entered Materials 162 | -10/Materials | Discovered new exit (range 5) 308 | -10/Materials | Build established: Mutant 442 | -10/Materials | Entered Subcaves 443 | -10/Subcaves | Approached by a straggling Scientist 447 | -10/Subcaves | Learned location of Zion (-6) 447 | -10/Subcaves | Met a Zionite searching for "candidates" 592 | -10/Subcaves | Disturbed a concealed Subdweller 1011 | -10/Subcaves | Visited Clippyterm 1023 | -10/Subcaves | Learned location of Deep Caves (-6) 1334 | -10/Subcaves | Scientist uncovered a shortcut to Scraptown 1409 | -10/Subcaves | Shifting Twisted Machinery released Battle Rifle 1608 | -10/Subcaves | Shifting Twisted Machinery released Sub. Power Source 1739 | -10/Subcaves | Disturbed a concealed Subdweller 2616 | -10/Subcaves | Discovered new exit (range 13) 2649 | -10/Subcaves | Lost 3 parts (1p1n1w) 2749 | -10/Subcaves | Learned Materials stockpile data 3085 | -10/Subcaves | Core integrity fell below 50% 3086 | -10/Subcaves | A Subdweller sparked back to life 3100 | -10/Subcaves | Core integrity fell below 20% 3119 | -10/Subcaves | Destroyed by 8L-INO(R) with Subdweller Machine Gun Last Messages --------------- 02920_ Aluminum Leg destroyed. 02926_ 57-L8Y(R) destroyed. 02958_ Acquired 10 matter. 02968_ N4-PC1(R) destroyed. 02971_ Subatomizers dissect the Sub. Laser. 02999_ Acquired Sub. Machine Gun. 03048_ Sub. Beam Cannon destroyed. 03051_ 0M-OI7(R) Sub. Machine Gun blasted off. 03061_ Acquired 1 matter. 03086_ 69-QXN(R) creaks and sparks as it begins to move. 03102_ 69-QXN(R) Sub. Monowheel blasted off. 03105_ Ion Engine destroyed. 03105_ 69-QXN(R) destroyed. 03107_ Lgt. Cannon destroyed. 03108_ Aluminum Leg destroyed. 03109_ BC-RIP(R) destroyed. 03111_ 8L-INO(R) affixes Scrap Shield Fragment to Scrap Shield. 03111_ Sub. Laser destroyed. 03113_ Aluminum Leg destroyed. 03118_ 8L-INO(R) affixes Scrap Shield Fragment to Scrap Shield. Map ----- +----------------------------------------------------+ | ?????????????????????????????????????????????????? | | ?????????????????????????????????????????????????? | | ?????????????????????????????????????????????????? | | ?????????????????????????????????????????????????? | | ?????????????????????????????????????????????????? | | ?????????????????????????????????????????????????? | | ?????????????????????????????????????????????????? | | ?????????????????????????????????????????????????? | | ?????????????????????????????????????????????????? | | ?????????????????????????????????????????????????? | | ?????????????????????????????????????????????????? | | ?????????????????????????????????????????????????? | | ?????????????????????????????????####??###???????? | | ????????????????????????????????## ##?# ########? | | ??????????????" ????????"##?????# ### "" #? | | ??????????????" ???????"" ?????# """ """""#? | | ??????????????? ??????"" ???### """"""""""""#? | | ???????????????? ?#???" ???# """ """ #? | | ????????????????? ##"??# ###?## ##" "" #? | | ?????????????????? ?? ##?### ###" #? | | ??????????????????? *?"R #???## "## #? | | ???????????????? ?%=%##% ?????##"" " # ##? | | ???????????????? <"##! R #?????##"# ""### ##?? | | ?????????????????## ##?#### #" ### #??? | | ????????????????## " "### # "# ""##" #??? | | ????????????????# " @ "#?# ## "" "###"##??? | | ????????????????# " ;#### ###"" "##"##???? | | ???????????????# " ##""" """##???? | | ???????????????# "" "" ## "" &" ##??? | | ???????????????# " " ###"" &% #??? | | ???????????????# " " # ### #### [& #??? | | ???????????????# ##### ### ###??? | | ???????????????? #####?# !%!% ##????? | | ???????????????? ?????# !! ##?????? | | ?????????????????? ?????# ##; ##?????? | | ????????????????? ??????## ####### % !!##????? | | ??????????????????????? ###?????# |%= #????? | | ?????????????????????? ????????# ! #????? | | ????????????????????? #????????#### #????? | | ????????????????????? ## #??????????### #????# | | ????????????????????? ?##??#######?##"% #??### | | ?????????????????????????????#"" "##" ! ##?## | | ?????????????????????????????# #" ##?## | | ?????????????????????????????# " !& ##?## ## | | ????????????????????????????##" % %#?## ##? | | ????????????????????????????#< ### #?? | | ????????????????????????????##"" % ## #?? | | ?????????????????????????????#" % #" ## ##?? | | ?????????????????????????????#" ### ###%#??? | | ?????????????????????????????#""" ???#" ####??? | +----------------------------------------------------+ Best States ------------- Heat Dissipation 35 Energy Generation 10 Energy Capacity 250 Matter Stores 300 Matter Capacity 300 Sight Range 16 Terrain Scan Range 14 Terrain Scan Density 10 Evasion (%) 55 Item Schematics ----------------- None Robot Schematics ------------------ None Fabricated ------------ Nothing Repaired ---------- Nothing Studied --------- None Alien Tech Used ----------------- None Achievements -------------- None Challenges ------------ None Game ------ Seed LightningCompanionSword Manual? 0 Play Time 00:09:21 Cumulative 240.0 hours Start 2025.11.09 @ 22:09:58 End 2025.11.09 @ 22:19:29 Sessions 1 Manual Loads 0 Difficulty Rogue Special Mode None Game No. 244 Rogue 240 Adventurer 3 Explorer 1 Win Type - Total 1 Types 1/0/0/0/0/0/0/0/0/0 Lore% 74 Gallery% 74 Achievement% 57 Wizard Run 0 Options --------- Layout 0 ASCII 0 Keyboard 0 Movement Mouse Keybinds 0 Fullscreen 2 Font 18/SmallcapsGlow Map View 76x50 Zoom Use 0% Tactical HUD 1 Map Filters NONE Filters NONE Steam 1 RUN: 56766dae-f3fa-4a01-96df-f81d59db1163